[ AOE2 MATCH · #505946573 ]
UnrankedCelts vs Bulgarians
Player's team · LOSS
[ REPLAY ANALYSIS · EXTRACTED FROM THE RECORDED GAME ]
Feudal
8:26
Castle
19:30
Imperial
36:52
| APM avg | 96.5 |
| APM peak | 148 |
| eAPM avg | 39.8 |
| Villagers / military | 128 / 109 |
Focus
⚔️ 32.0% · 🌾 68.0%
Archer ×58 · Spearman ×30 · Monk ×9 · Trebuchet (Packed) ×6 · Mangonel ×3 · Scorpion ×3
Feudal
9:15
Castle
19:54
Imperial
37:49
| APM avg | 87.6 |
| APM peak | 152 |
| eAPM avg | 50.3 |
| Villagers / military | 167 / 127 |
Focus
⚔️ 61.0% · 🌾 39.0%
Militia ×49 · Knight ×37 · Scout Cavalry ×18 · Battering Ram ×12 · Monk ×5 · Mangonel ×5
Match map
Initial resources + every placement click. Lines = walls · curves = elevation contours. ◆ gold · ⬟ stone · ● berries · ✦ relic · ◌ wall gap
Your base· Open — 9t gap
SalzZ_AntagonisT's base· ✓ Closed at 19:54 · 9t walls · 1 gate(s)
Smoothed initial terrain · ◌ = detected wall gap · hover for details
Inputs per minute
— Lamo - - SalzZ_AntagonisT
Build order — Lamo
First 150 of 420 actions detected
| 0:00 | Create | Villager (Male) |
| 0:00 | Create | Villager (Male) |
| 0:01 | Create | Villager (Male) |
| 0:01 | Create | Villager (Male) |
| 0:01 | Create | Villager (Male) |
| 0:03 | Build | House |
| 0:04 | Build | House |
| 1:24 | Create | Villager (Male) |
| 2:02 | Create | Villager (Male) |
| 2:02 | Create | Villager (Male) |
| 2:15 | Create | Villager (Male) |
| 2:32 | Build | Lumber Camp |
| 2:39 | Create | Villager (Male) |
| 3:10 | Create | Villager (Male) |
| 3:14 | Create | Villager (Male) |
| 3:50 | Build | House |
| 4:02 | Create | Villager (Male) |
| 4:10 | Create | Villager (Male) |
| 4:11 | Create | Villager (Male) |
| 4:44 | Build | Mill |
| 5:18 | Create | Villager (Male) |
| 5:38 | Create | Villager (Male) |
| 5:44 | Research | Loom |
| 5:44 | Research | Loom |
| 6:16 | Research | Feudal Age |
| 6:54 | Build | Mining Camp |
| 8:00 | Build | Barracks |
| 8:04 | Create | Villager (Male) |
| 8:07 | Build | House |
| 8:26 | Age | Feudal Age |
| 8:43 | Create | Villager (Male) |
| 8:44 | Research | Double-Bit Axe |
| 8:58 | Build | House |
| 8:59 | Build | Palisade Wall |
| 9:02 | Create | Villager (Male) |
| 9:05 | Build | Palisade Wall |
| 9:21 | Build | Palisade Wall |
| 9:24 | Build | Palisade Wall |
| 9:34 | Build | Palisade Wall |
| 9:35 | Create | Villager (Male) |
| 9:50 | Create | Villager (Male) |
| 9:52 | Build | Archery Range |
| 9:56 | Build | Palisade Wall |
| 10:13 | Create | Villager (Male) |
| 10:27 | Build | Mill |
| 10:37 | Create | Archer |
| 10:45 | Create | Villager (Male) |
| 10:46 | Create | Villager (Male) |
| 10:47 | Build | Farm |
| 10:50 | Create | Archer |
| 10:53 | Build | Palisade Wall |
| 11:12 | Create | Villager (Male) |
| 11:24 | Build | Palisade Gate |
| 11:26 | Build | Palisade Gate |
| 11:27 | Create | Archer |
| 11:31 | Build | House |
| 11:41 | Create | Archer |
| 11:43 | Create | Villager (Male) |
| 11:50 | Build | Farm |
| 11:57 | Build | Palisade Wall |
| 12:04 | Build | Palisade Wall |
| 12:09 | Build | Palisade Wall |
| 12:20 | Create | Villager (Male) |
| 12:21 | Build | House |
| 12:26 | Build | Farm |
| 12:26 | Build | Farm |
| 12:26 | Build | Farm |
| 12:30 | Build | Farm |
| 12:33 | Create | Archer |
| 12:43 | Build | Farm |
| 12:53 | Create | Villager (Male) |
| 12:56 | Build | Farm |
| 12:56 | Build | Farm |
| 13:14 | Build | House |
| 13:15 | Build | House |
| 13:23 | Create | Villager (Male) |
| 13:24 | Build | Farm |
| 13:33 | Build | Palisade Wall |
| 13:37 | Build | Palisade Wall |
| 13:50 | Create | Archer |
| 13:54 | Build | House |
| 14:01 | Build | Farm |
| 14:39 | Build | Farm |
| 14:40 | Create | Villager (Male) |
| 15:06 | Create | Villager (Male) |
| 15:20 | Create | Villager (Male) |
| 15:33 | Create | Villager (Male) |
| 15:35 | Build | Blacksmith |
| 16:02 | Build | Archery Range |
| 16:10 | Create | Villager (Male) |
| 16:36 | Build | Lumber Camp |
| 16:50 | Research | Castle Age |
| 16:56 | Create | Archer |
| 17:03 | Build | House |
| 17:13 | Create | Archer |
| 17:23 | Research | Fletching |
| 17:38 | Create | Archer |
| 17:48 | Research | Gold Mining |
| 17:50 | Create | Archer |
| 18:06 | Research | Horse Collar |
| 18:09 | Create | Archer |
| 18:20 | Create | Archer |
| 18:32 | Create | Archer |
| 18:33 | Create | Archer |
| 18:52 | Build | House |
| 18:52 | Build | House |
| 18:53 | Build | House |
| 19:02 | Create | Archer |
| 19:30 | Age | Castle Age |
| 19:31 | Research | Crossbowman (upgrade) |
| 19:35 | Build | Siege Workshop |
| 19:40 | Research | Bodkin Arrow |
| 19:41 | Research | Bodkin Arrow |
| 19:42 | Create | Villager (Male) |
| 19:56 | Create | Villager (Male) |
| 20:13 | Create | Archer |
| 20:28 | Create | Mangonel |
| 20:31 | Build | House |
| 20:32 | Build | House |
| 20:34 | Build | Palisade Wall |
| 20:34 | Create | Villager (Male) |
| 20:37 | Create | Archer |
| 20:39 | Build | House |
| 20:41 | Create | Villager (Male) |
| 21:06 | Create | Villager (Male) |
| 21:09 | Create | Archer |
| 21:09 | Create | Archer |
| 21:19 | Build | House |
| 21:30 | Create | Villager (Male) |
| 21:37 | Build | Monastery |
| 21:39 | Build | House |
| 21:55 | Create | Archer |
| 21:55 | Create | Archer |
| 22:15 | Create | Villager (Male) |
| 22:19 | Create | Archer |
| 22:19 | Create | Archer |
| 22:22 | Create | Monk |
| 22:41 | Create | Villager (Male) |
| 22:46 | Build | House |
| 22:46 | Create | Villager (Male) |
| 22:51 | Create | Archer |
| 22:52 | Create | Archer |
| 22:52 | Create | Monk |
| 23:02 | Research | Bow Saw |
| 23:02 | Research | Bow Saw |
| 23:11 | Create | Villager (Male) |
| 23:14 | Create | Archer |
| 23:35 | Create | Villager (Male) |
| 23:40 | Create | Archer |
| 23:46 | Create | Villager (Male) |
Build order — SalzZ_AntagonisT
First 150 of 504 actions detected
| 0:00 | Create | Villager (Male) |
| 0:00 | Create | Villager (Male) |
| 0:02 | Build | House |
| 0:02 | Build | House |
| 0:06 | Create | Villager (Male) |
| 0:13 | Create | Villager (Male) |
| 1:28 | Create | Villager (Male) |
| 2:00 | Create | Villager (Male) |
| 2:16 | Create | Villager (Male) |
| 2:19 | Build | Lumber Camp |
| 2:43 | Create | Villager (Male) |
| 2:43 | Create | Villager (Male) |
| 3:00 | Create | Villager (Male) |
| 3:28 | Create | Villager (Male) |
| 3:40 | Create | Villager (Male) |
| 3:50 | Build | House |
| 3:51 | Build | House |
| 4:03 | Create | Villager (Male) |
| 4:25 | Create | Villager (Male) |
| 5:14 | Create | Villager (Male) |
| 5:18 | Create | Villager (Male) |
| 5:46 | Research | Loom |
| 5:46 | Research | Loom |
| 5:49 | Create | Villager (Male) |
| 5:49 | Research | Loom |
| 6:01 | Build | Barracks |
| 7:04 | Research | Feudal Age |
| 7:08 | Create | Militia |
| 7:28 | Create | Militia |
| 7:34 | Build | Mill |
| 7:49 | Create | Militia |
| 8:24 | Build | House |
| 8:36 | Create | Villager (Male) |
| 8:37 | Build | Mill |
| 8:50 | Create | Villager (Male) |
| 9:06 | Build | House |
| 9:15 | Age | Feudal Age |
| 9:40 | Create | Villager (Male) |
| 9:45 | Research | Double-Bit Axe |
| 9:56 | Create | Villager (Male) |
| 9:58 | Build | House |
| 9:59 | Build | Palisade Wall |
| 10:07 | Build | Farm |
| 10:08 | Build | Farm |
| 10:09 | Build | Farm |
| 10:18 | Research | Horse Collar |
| 10:20 | Create | Villager (Male) |
| 10:43 | Build | House |
| 10:48 | Create | Villager (Male) |
| 10:50 | Build | Farm |
| 11:01 | Create | Villager (Male) |
| 11:14 | Create | Villager (Male) |
| 11:16 | Build | Farm |
| 11:25 | Create | Villager (Male) |
| 11:43 | Create | Villager (Male) |
| 11:46 | Build | House |
| 11:47 | Create | Villager (Male) |
| 11:49 | Build | Lumber Camp |
| 12:16 | Create | Villager (Male) |
| 12:21 | Build | House |
| 12:31 | Build | House |
| 12:32 | Build | House |
| 12:40 | Build | Farm |
| 12:43 | Create | Villager (Male) |
| 13:01 | Create | Villager (Male) |
| 13:05 | Build | Farm |
| 13:07 | Build | Farm |
| 13:10 | Build | Farm |
| 13:22 | Build | House |
| 13:24 | Build | Palisade Wall |
| 13:24 | Build | Palisade Wall |
| 13:29 | Build | Palisade Gate |
| 13:30 | Build | Palisade Wall |
| 13:33 | Build | Farm |
| 13:39 | Build | Mining Camp |
| 13:42 | Create | Villager (Male) |
| 13:50 | Build | House |
| 14:01 | Build | Farm |
| 14:08 | Create | Villager (Male) |
| 14:15 | Create | Villager (Male) |
| 14:21 | Build | Farm |
| 14:38 | Create | Villager (Male) |
| 14:40 | Build | Farm |
| 14:43 | Build | Farm |
| 14:47 | Build | Farm |
| 14:48 | Create | Villager (Male) |
| 14:55 | Build | Farm |
| 15:37 | Build | Stable |
| 16:04 | Create | Villager (Male) |
| 16:10 | Build | Blacksmith |
| 16:37 | Research | Gold Mining |
| 16:39 | Create | Villager (Male) |
| 16:56 | Build | House |
| 16:56 | Build | House |
| 17:14 | Research | Castle Age |
| 17:15 | Research | Castle Age |
| 17:35 | Build | Farm |
| 17:36 | Build | Farm |
| 17:39 | Build | Farm |
| 17:45 | Research | Scale Barding Armor |
| 17:46 | Research | Scale Barding Armor |
| 17:46 | Research | Forging |
| 18:00 | Research | Bloodlines |
| 18:00 | Research | Bloodlines |
| 18:10 | Build | Stable |
| 18:48 | Create | Villager (Male) |
| 19:40 | Create | Villager (Male) |
| 19:54 | Age | Castle Age |
| 19:55 | Create | Knight |
| 19:55 | Create | Knight |
| 19:57 | Build | House |
| 19:59 | Build | House |
| 20:01 | Build | House |
| 20:07 | Research | Bow Saw |
| 20:08 | Create | Knight |
| 20:09 | Create | Knight |
| 20:17 | Research | Chain Barding Armor |
| 20:20 | Create | Villager (Male) |
| 20:25 | Build | House |
| 20:32 | Create | Knight |
| 20:34 | Research | Husbandry |
| 20:34 | Research | Husbandry |
| 20:40 | Build | House |
| 20:53 | Create | Villager (Male) |
| 20:56 | Create | Villager (Male) |
| 20:59 | Build | Town Center |
| 21:00 | Create | Knight |
| 21:00 | Create | Knight |
| 21:07 | Research | Wheelbarrow |
| 21:07 | Research | Wheelbarrow |
| 21:10 | Create | Knight |
| 21:27 | Create | Villager (Male) |
| 21:32 | Create | Knight |
| 21:34 | Create | Villager (Male) |
| 21:47 | Build | Farm |
| 21:52 | Create | Villager (Male) |
| 22:03 | Create | Villager (Male) |
| 22:05 | Build | Farm |
| 22:06 | Create | Villager (Male) |
| 22:11 | Create | Knight |
| 22:11 | Create | Knight |
| 22:16 | Create | Villager (Male) |
| 22:28 | Create | Villager (Male) |
| 22:32 | Create | Villager (Male) |
| 22:36 | Build | Farm |
| 22:40 | Build | Farm |
| 22:41 | Build | Farm |
| 22:42 | Create | Villager (Male) |
| 22:49 | Create | Knight |
| 22:49 | Create | Knight |
Match timeline
| 6:01 | SalzZ_AntagonisT · first_building Barracks |
| 8:00 | Lamo · first_building Barracks |
| 8:26 | Lamo · age_up feudal |
| 8:59 | Lamo · wall_segment Palisade Wall x1 |
| 9:05 | Lamo · wall_segment Palisade Wall x5 |
| 9:15 | SalzZ_AntagonisT · age_up feudal |
| 9:21 | Lamo · wall_segment Palisade Wall x1 |
| 9:24 | Lamo · wall_segment Palisade Wall x1 |
| 9:34 | Lamo · wall_segment Palisade Wall x1 |
| 9:52 | Lamo · first_building Archery Range |
| 9:56 | Lamo · wall_segment Palisade Wall x1 |
| 9:59 | SalzZ_AntagonisT · wall_segment Palisade Wall x1 |
| 10:53 | Lamo · wall_segment Palisade Wall x1 |
| 11:57 | Lamo · wall_segment Palisade Wall x1 |
| 12:04 | Lamo · wall_segment Palisade Wall x1 |
| 12:09 | Lamo · wall_segment Palisade Wall x1 |
| 13:24 | SalzZ_AntagonisT · wall_segment Palisade Wall x4 |
| 13:24 | SalzZ_AntagonisT · wall_segment Palisade Wall x3 |
| 13:30 | SalzZ_AntagonisT · wall_segment Palisade Wall x1 |
| 13:33 | Lamo · wall_segment Palisade Wall x8 |
| 13:37 | Lamo · wall_segment Palisade Wall x7 |
| 15:37 | SalzZ_AntagonisT · first_building Stable |
| 19:30 | Lamo · age_up castle |
| 19:35 | Lamo · first_building Siege Workshop |
| 19:54 | SalzZ_AntagonisT · age_up castle |
| 20:34 | Lamo · wall_segment Palisade Wall x5 |
| 21:37 | Lamo · first_building Monastery |
| 23:59 | SalzZ_AntagonisT · first_building Monastery |
| 28:04 | SalzZ_AntagonisT · first_building Siege Workshop |
| 30:13 | Lamo · wall_segment Palisade Wall x1 |
| 32:41 | Lamo · first_building Castle |
| 36:26 | SalzZ_AntagonisT · first_building Castle |
| 36:52 | Lamo · age_up imperial |
| 37:49 | SalzZ_AntagonisT · age_up imperial |
| 39:35 | Lamo · first_market_sell 100 food |
| 42:29 | Lamo · resign |
[ AI ANALYSIS · 1 CREDIT ]
What really happened in this match?
Wolo.gg analyzes every decision: build order, eco, micro, common mistakes by bracket. Personalized analysis on WhatsApp or Discord in 30 seconds.
Civ guide
Celts
Perfil
Lamo